 Dungeon Crawl Stone Soup version 0.17.1-3-g152610e (webtiles) character file.

82 Jerry the Shield-Bearer (level 4, -1/37 HPs)
             Began as a Demigod Fighter on Apr 1, 2016.
             Succumbed to a kobold's poison
             ... on level 3 of the Dungeon.
             The game lasted 00:04:44 (1892 turns).

Jerry the Shield-Bearer (Demigod Fighter)           Turns: 1892, Time: 00:04:44

Health: -1/37      AC: 11    Str: 24    XL:     4   Next: 1%
Magic:  6/6        EV:  7    Int: 12    God:
Gold:   86         SH: 10    Dex: 15    Spells: 0 memorised, 3 levels left

rFire  . . .     SeeInvis .     a - +0 flail
rCold  . . .     Clarity  .     b - +0 scale mail
rNeg   . . .     SustAt   +     c - +0 shield
rPois  .         Gourm    .     m - +2 helmet of Philately {Str+3}
rElec  .         Spirit   .     (no cloak)
rCorr  .         Warding  .     g - +0 pair of gloves
rMut   .         Stasis   .     (no boots)
MR     .....                    (no amulet)
Stlth  ..........               (no ring)
                                (no ring)

@: lethally poisoned (-1 -> -39), not resistant to hostile enchantments,
extremely unstealthy
A: high mp 1, sustain attributes
a: no special abilities


You were on level 3 of the Dungeon.
You were not hungry.

You visited 1 branch of the dungeon, and saw 3 of its levels.

You collected 86 gold pieces.

Inventory:

Hand Weapons
 a - a +0 flail (weapon)
Armour
 b - a +0 scale mail (worn)
 c - a +0 shield (worn)
 g - a +0 pair of gloves (worn)
 m - the +2 helmet of Philately (worn) {Str+3}
   (You took it off Robin on level 2 of the Dungeon)

   It affects your strength (+3).
Scrolls
 f - a scroll of enchant armour {unknown}
 h - 3 scrolls of identify {unknown}
 i - a scroll of noise {unknown}
 n - 2 scrolls of remove curse {unknown}
 o - a scroll of random uselessness {unknown}
Potions
 j - 4 potions of curing {unknown}
 k - a potion of flight {unknown}
Comestibles
 d - a chunk of flesh
 e - a bread ration
 l - 2 beef jerkies


   Skills:
 - Level 2.6 Fighting
 + Level 2.8 Maces & Flails
 + Level 3.3 Armour
 + Level 3.4 Shields


You had 3 spell levels left.
You didn't know any spells.

Dungeon Overview and Level Annotations

Branches:
Dungeon (3/15)

Annotations:
D:3 Sigmund


Innate Abilities, Weirdness & Mutations

You have an increased reservoir of magic (+10% MP).
Your attributes are resistant to harm.


Message History

You feel very sick.
The kobold shoots a poisoned needle.
The poisoned needle hits you!
You are more poisoned.
Sigmund gestures at you while chanting. The puff of flame hits you!
* * * LOW HITPOINT WARNING * * *
You hit Sigmund.
Sigmund is moderately wounded.
* * * LOW HITPOINT WARNING * * *
You feel very sick.
Sigmund's eyes start glowing with a red light.
Sigmund closely misses you.
You hit Sigmund but do no damage.
Sigmund is moderately wounded.
* * * LOW HITPOINT WARNING * * *
You feel very sick. Sigmund closely misses you.
You hit Sigmund.
Sigmund is heavily wounded.
You die...

.........# ...
.........# #.#
##.##....# #.#
.........# #########.#
......##### #.........#
..........# #.######.##
..........####.#...<#.#
##........##.....(###.#
#........##....@.'...#
#........##.).@).#####
#........##....K.#
#........##.)....#
#...รท....####.####
#.######## #.# #.# #)#
#.# #.#####
#.###########.....#


You could see Sigmund and a kobold.

Vanquished Creatures
  Terence (D:2)
  Robin (D:2)
  4 giant geckos
  2 giant cockroaches
  4 hobgoblins (D:1)
  4 kobolds
  3 ball pythons
  5 bats
  A giant newt (D:3)
  14 goblins
  3 rats
42 creatures vanquished.

Notes
Turn   | Place    | Note
--------------------------------------------------------------
     0 | D:1      | Jerry the Demigod Fighter began the quest for the Orb.
     0 | D:1      | Reached XP level 1. HP: 18/18 MP: 3/3
   407 | D:1      | Reached XP level 2. HP: 25/25 MP: 4/4
   411 | D:1      | Reached skill level 3 in Armour
   674 | D:2      | Noticed Terence
   692 | D:2      | Killed Terence
   692 | D:2      | Reached XP level 3. HP: 21/30 MP: 5/5
   938 | D:2      | Noticed Robin
   976 | D:2      | Killed Robin
   986 | D:2      | Got a pitted helmet
  1298 | D:2      | Found a glowing golden altar of the Shining One.
  1370 | D:2      | Found a sparkling altar of Nemelex Xobeh.
  1671 | D:3      | Reached XP level 4. HP: 29/37 MP: 6/6
  1746 | D:3      | Identified the +2 helmet of Philately {Str+3} (You took it off Robin on level 2 of the Dungeon)
  1769 | D:3      | Noticed Sigmund
  1892 | D:3      | Succumbed to a kobold's poison

Action                   |  1- 3 |  4- 6 || total
-------------------------+-------+-------++-------
Melee: Flail             |   136 |    11 ||   147
  Use: Potion            |     1 |       ||     1
  Eat: Chunk             |     3 |       ||     3
